 Dungeon Crawl Stone Soup version 0.27-a0-695-gb4952372f7 (webtiles) character file.

Game seed: 14272579300715818596

9064 Sabo the Basher (level 11, -22/68 HPs)
             Began as a Gargoyle Berserker on Mar 21, 2021.
             Was a High Priest of Trog.
             Killed from afar by a blizzard demon (27 damage)
             ... with a bolt of cold
             ... on level 3 of the Abyss.
             The game lasted 01:08:57 (12936 turns).

Sabo the Basher (Gargoyle Berserker)               Turns: 12936, Time: 01:08:59

Health: -22/68     AC: 30    Str: 21    XL:     11   Next: 40%
Magic:  11/11      EV: 13    Int:  9    God:    Trog [*****.]
Gold:   522        SH:  5    Dex: 11    Spells: 10/10 levels left

rFire    . . .     SeeInvis .   q - +2 dire flail (protect)
rCold    . . .     Faith    .   (shield currently unavailable)
rNeg     + . .     Spirit   .   k - +0 chain mail
rPois    ∞         Reflect  +   Q - +1 helmet
rElec    +         Harm     .   (no cloak)
rCorr    +         Rampage  .   (no gloves)
Will     .....                  A - +1 pair of boots
Stlth    ..........             t - amulet of reflection
HPRegen  0.21/turn              g - +4 ring of evasion
MPRegen  0.12/turn              o - ring of resist corrosion

@: marked, protection aura
A: AC +8, negative energy resistance 1, electricity resistance, torment
resistance 1, unbreathing 1, petrification resistance
a: Renounce Religion, Berserk, Trog's Hand, Brothers in Arms


You were on level 3 of the Abyss.
You worshipped Trog.
Trog was extremely pleased with you.
You visited 1 branch of the dungeon, and saw 10 of its levels.
You visited the Abyss 1 time.

You collected 522 gold pieces.

Inventory:

Hand Weapons
 q - a +2 dire flail of protection (weapon)
 w - a +2 whip of holy wrath
 I - a +0 glaive
 J - a +0 shortbow of electrocution
 K - a +3 short sword of electrocution
 L - a +2 hand axe of venom
Missiles
 a - 5 boomerangs of dispersal
 b - 33 poisoned darts (quivered)
 e - 2 throwing nets
 m - 63 sling bullets
 p - 192 arrows
 F - 22 boomerangs
 G - 5 javelins
 M - 38 bolts
 P - 6 atropa-tipped darts
Armour
 k - a +0 chain mail (worn)
 A - a +1 pair of boots (worn)
 E - a +0 plate armour
 Q - a +1 helmet (worn)
Jewellery
 g - a +4 ring of evasion (right hand)
 o - a ring of resist corrosion (left hand)
 t - an amulet of reflection (around neck)
Wands
 r - a wand of charming (3)
 s - a wand of acid (9)
 N - a wand of digging (6)
 O - a wand of flame (22)
Scrolls
 c - 2 scrolls of magic mapping
 f - 4 scrolls of teleportation
 h - a scroll of summoning {unknown}
 l - a scroll of torment {unknown}
 u - 5 scrolls of fear
 B - 2 scrolls of enchant weapon
 D - 2 scrolls of vulnerability
Potions
 d - a potion of heal wounds
 i - a potion of curing
 j - a potion of invisibility
 n - a potion of resistance
 v - a potion of cancellation {unknown}
 x - a potion of degeneration {unknown}
 z - 5 potions of flight
 C - a potion of attraction {unknown}
 H - a potion of haste
Miscellaneous
 y - a lightning rod (4/4)


   Skills:
 + Level 8.0 Fighting
 + Level 12.1 Maces & Flails
 + Level 8.7 Armour
 + Level 3.4 Dodging
 + Level 2.8 Stealth
 + Level 6.8 Shields


You had 10 spell levels left.
You didn't know any spells.
Your spell library was empty.

Dungeon Overview and Level Annotations

Branches:
Dungeon (10/15)            Temple (0/1) D:6
   Lair: D:8-11         Orc: D:9-12

Altars:
Elyvilon
Fedhas
Gozag
Hepliaklqana
Kikubaaqudgha
Ru
Sif Muna
Trog
Uskayaw
Vehumet
Yredelemnul
Zin
The Shining One

Annotations:
D:10 Sonja


Innate Abilities, Weirdness & Mutations

Your stone body is resilient. (AC +8)
You are immune to poison.
You resist negative energy. (rN+)
You are resistant to electric shocks. (rElec)
You are resistant to unholy torment.
You can survive without breathing.
You are immune to petrification.


Message History

You puncture the thrashing horror!
You destroy the thrashing horror!
Trog accepts your kill.
A small abomination comes into view.
The blizzard demon gestures at you. The freezing blast engulfs you!
Your Fighting skill increases to level 8!
You sock the ufetubus!
You kill the ufetubus!
Trog accepts your kill.
You are engulfed in freezing vapours.
You thump the blizzard demon!
The blizzard demon is lightly wounded.
You are engulfed in freezing vapours.
The blizzard demon is engulfed in freezing vapours.
You block the blizzard demon's attack.
The blizzard demon hits you but does no damage.
You hear a chilling moan.
You closely miss the blizzard demon.
The blizzard demon is lightly wounded.
You are engulfed in freezing vapours.
The blizzard demon hits you but does no damage. x2
You impale the blizzard demon!!
The blizzard demon is heavily wounded.
You are engulfed in freezing vapours.
The blizzard demon is engulfed in freezing vapours.
The blizzard demon hits you!
* * * LOW HITPOINT WARNING * * *
The blizzard demon hits you but does no damage.
You closely miss the blizzard demon.
The blizzard demon is heavily wounded.
You are engulfed in freezing vapours.
* * * LOW HITPOINT WARNING * * *
You sock the blizzard demon!
The blizzard demon is severely wounded.
You are engulfed in freezing vapours.
* * * LOW HITPOINT WARNING * * *
The blizzard demon gestures at you. The bolt of cold hits you!!
You die...

.. ...# . .
...#.... # #.
...# . # #..# #
.#.. # ## .... #
#..#.#.# )#
....#...##..$...#
. .#...#...# .#.#
..
..#....°.#○...# .
# #.....○@x..#
###..°°#2#.=.#
##..#.#.#..#
#...#....## #..
#.#.#.# .... ..
..# #..##. . #
.#. #


You could see a blizzard demon and a small abomination.

Vanquished Creatures
  2 two-headed ogres
  A thrashing horror (Abyss:3)
  An unseen horror (Abyss:3)
  Pikel (D:8)
  An ancient zyme (Abyss:3)
  3 trolls
  Prince Ribbit (D:5)
  The ghost of Talea the Insei, an amateur OpTm of Gozag (D:3)
  A wyvern (D:8)
  A vampire (Abyss:3)
  4 yaks
  Menkaure (D:5)
  A hornet zombie (D:8)
  3 ogres
  6 orc warriors
  3 sky beasts
  2 black bears
  5 centaurs
  A small abomination (Abyss:2)
  A phantom (D:9)
  5 bullfrogs
  4 scorpions
  A water moccasin skeleton (D:6)
  3 killer bees (D:9)
  4 howler monkeys
  3 bullfrog zombies
  2 centaur zombies
  2 hounds
  5 orc priests
  2 jellies (D:10)
  2 bullfrog skeletons
  A gnoll shaman (D:5)
  Terence (D:2)
  7 worker ants
  2 iguanas
  4 orc wizards
  A hound skeleton (D:6)
  A howler monkey zombie (D:8)
  11 gnolls
  14 adders
  A white imp (D:5)
  4 ufetubi
  An ooze (D:1)
  An adder skeleton (D:4)
  A worm (D:4)
  3 dart slugs
  4 leopard geckos
  40 orcs
  3 ball pythons
  10 giant cockroaches
  12 hobgoblins
  16 jackals
  5 kobolds
  4 quokkas
  A bat (D:3)
  6 frilled lizards
  6 goblins
  A jackal zombie (D:6)
  9 rats
  A spectral goblin (D:5)
244 creatures vanquished.

Vanquished Creatures (others)
  A plant (D:4)
1 creature vanquished.

Grand Total: 245 creatures vanquished

Notes
Turn   | Place    | Note
-------+----------+-------------------------------------------
     0 | D:1      | Sabo the Gargoyle Berserker began the quest for the Orb.
     0 | D:1      | Reached XP level 1. HP: 14/14 MP: 1/1
   368 | D:1      | Reached XP level 2. HP: 19/19 MP: 2/2
   669 | D:1      | Reached XP level 3. HP: 24/24 MP: 3/3
  1342 | D:2      | Noticed a +0 spear
  1342 | D:2      | Noticed a +0 dagger
  1342 | D:2      | Noticed a +0 short sword
  1343 | D:2      | Noticed a +0 falchion
  1344 | D:2      | Noticed a +0 falchion
  1345 | D:2      | Noticed a +0 spear
  1345 | D:2      | Noticed a +0 dagger
  1345 | D:2      | Noticed a +0 short sword
  1369 | D:2      | Found a hide-covered altar of Uskayaw.
  1591 | D:2      | Noticed Terence
  1606 | D:2      | Killed Terence
  1607 | D:2      | Reached skill level 4 in Maces & Flails
  1607 | D:2      | Reached XP level 4. HP: 27/29 MP: 4/4
  1873 | D:2      | Reached ** piety under Trog
  2358 | D:2      | Reached XP level 5. HP: 14/33 MP: 5/5
  3175 | D:3      | Found a large runed translucent door.
  3176 | D:3      | Found a large runed translucent door.
  3179 | D:3      | Noticed Talea's ghost (amateur OpTm)
  3763 | D:3      | Killed Talea's ghost
  3764 | D:3      | Reached skill level 5 in Maces & Flails
  3764 | D:3      | Reached skill level 1 in Shields
  3764 | D:3      | Reached XP level 6. HP: 31/38 MP: 6/6
  4086 | D:4      | Found a shimmering blue altar of Sif Muna.
  4664 | D:4      | Reached XP level 7. HP: 40/44 MP: 7/7
  4903 | D:4      | Reached skill level 1 in Stealth
  4949 | D:4      | Found an opulent altar of Gozag.
  4992 | D:4      | Found a glowing golden altar of the Shining One.
  5102 | D:4      | Found a blossoming altar of Fedhas.
  5363 | D:4      | Found a white marble altar of Elyvilon.
  5479 | D:5      | Entered Level 5 of the Dungeon
  5487 | D:5      | Found a sacrificial altar of Ru.
  5497 | D:5      | Reached skill level 6 in Maces & Flails
  5559 | D:5      | Reached *** piety under Trog
  6452 | D:5      | Reached skill level 5 in Fighting
  6452 | D:5      | Reached XP level 8. HP: 27/49 MP: 8/8
  6658 | D:5      | Noticed Prince Ribbit
  6687 | D:5      | Killed Prince Ribbit
  6688 | D:5      | Reached skill level 7 in Maces & Flails
  6801 | D:5      | Noticed Menkaure
  6813 | D:5      | Killed Menkaure
  6926 | D:5      | Reached skill level 5 in Armour
  7023 | D:5      | Found a hazy altar of Hepliaklqana.
  7273 | D:6      | Found a staircase to the Ecumenical Temple.
  7369 | D:6      | Reached **** piety under Trog
  7623 | D:6      | Reached skill level 8 in Maces & Flails
  8007 | D:6      | Reached XP level 9. HP: 54/54 MP: 9/9
  8031 | D:6      | Found a sacrificial altar of Ru.
  9369 | D:7      | Found a hide-covered altar of Uskayaw.
  9586 | D:7      | Reached skill level 9 in Maces & Flails
  9859 | D:8      | Found an ancient bone altar of Kikubaaqudgha.
  9988 | D:8      | Found a glowing silver altar of Zin.
  9995 | D:8      | Found a radiant altar of Vehumet.
 10002 | D:8      | Found a bloodstained altar of Trog.
 10022 | D:8      | Noticed a troll
 10039 | D:8      | Killed a troll
 10040 | D:8      | Reached skill level 5 in Shields
 10328 | D:8      | Reached ***** piety under Trog
 10356 | D:8      | HP: 2/55 [orc wizard/+0 dagger (2)]
 10684 | D:8      | Reached XP level 10. HP: 61/61 MP: 10/10
 10768 | D:8      | Reached skill level 10 in Maces & Flails
 10769 | D:8      | Noticed Pikel
 10791 | D:8      | Killed Pikel
 11289 | D:8      | Noticed a two-headed ogre
 11298 | D:8      | Killed a two-headed ogre
 11687 | D:9      | Noticed a two-headed ogre
 11698 | D:9      | Killed a two-headed ogre
 11761 | D:9      | Reached skill level 11 in Maces & Flails
 12063 | D:9      | Reached XP level 11. HP: 61/67 MP: 11/11
 12491 | D:10     | Entered Level 10 of the Dungeon
 12816 | D:10     | Noticed Sonja
 12816 | D:10     | Cast into level 2 of the Abyss (Sonja)
 12865 | Abyss:2  | Noticed a worldbinder
 12868 | Abyss:2  | Noticed an ironbound preserver
 12868 | Abyss:2  | Noticed an ironbound preserver
 12908 | Abyss:3  | Killed an unseen horror
 12918 | Abyss:3  | Noticed a blizzard demon
 12922 | Abyss:3  | Noticed a thrashing horror
 12923 | Abyss:3  | Reached skill level 12 in Maces & Flails
 12930 | Abyss:3  | Killed a thrashing horror
 12936 | Abyss:3  | Killed from afar by a blizzard demon

Illustrated notes

Levels and vault maps discovered:
D:1:      dpeg_arrival_stonehenge_8_columns, layout_basic,
          chequers_serial_rivers_large_a
D:2:      layout_basic, nicolae_uskayaw_en_pointe, st_stairs_12, uniq_terence
D:3:      layout_loops_cross, ebering_ghost_disaster_area, serial_bayou_pond_d,
          dk_vineyard_1
D:4:      layout_basic, fedhas_altar_2, nicolae_tso_swordbearing_angel,
          kennysheep_mini, nicolae_elyvilon_temple_path,
          nicolae_gozag_seed_capital, kennysheep_little_box, minmay_puff
D:5:      layout_loops_corners, nicolae_hepliaklqana_monster_ancestors,
          nrook_loot_triangle, nicolae_ru_great_annihilating_truth,
          uniq_prince_ribbit1, uniq_menkaure
D:6:      layout_loops_corners, kennysheep_mini_moat, temple_fountains,
          minmay_microvault
D:7:      layout_loops_ring, basic_altar
D:8:      layout_basic, grunt_temple_overflow_diamond,
          nicolae_kikubaaqudgha_miasma_corner, uniq_pikel
D:9:      layout_cave_pools
D:10:     layout_roguey, uniq_sonja, uniq_harold
Abyss:3:  base: D:1, minivault_22

Skill      XL: |  1  2  3  4  5  6  7  8  9 10 11 |
---------------+----------------------------------+-----
Maces & Flails | 4 5 6 8 9 11 12 | 12.1
Dodging        | 2 3 |  3.4
Armour         | 3 4 5 7 8 |  8.7
Fighting       | 4 5 6 7 8 |  8.0
Shields        | 1 3 4 5 6 |  6.8
Stealth        | 1 2 |  2.8

Action                   |  1- 3 |  4- 6 |  7- 9 | 10-12 || total
-------------------------+-------+-------+-------+-------++-------
Melee: Mace              |    84 |   178 |       |       ||   262
       Flail             |       |    56 |   337 |       ||   393
       Dire flail        |       |       |   123 |   226 ||   349
Throw: Dart              |     2 |       |       |       ||     2
Invok: Berserk           |       |       |     5 |     2 ||     7
  Use: Scroll            |     1 |     2 |     4 |     6 ||    13
       Potion            |       |       |     7 |     2 ||     9
 Stab: Paralysed         |       |       |     1 |       ||     1
Armor: Scale mail        |    30 |       |       |       ||    30
       Chain mail        |       |   109 |   177 |   149 ||   435
Dodge: Dodged            |    52 |   126 |   228 |   147 ||   553
Block: Buckler           |       |    85 |   147 |       ||   232
       Reflection        |       |       |     7 |     8 ||    15
       Other             |       |       |    28 |    73 ||   101

Table legend: (Time is in decaauts)
 A = Elapsed time spent in this place.
 B = Non-inter-level travel time spent in this place.
 C = Inter-level travel time spent in this place.
 D = Time resting spent in this place.
 E = Time spent auto-exploring this place.
 F = Levels seen in this place.
 G = Mean time per level.
                   A        B        C        D        E       F      G
               +--------+--------+--------+--------+--------+-----+--------+
         Total |  13027 |  13027 |      0 |   2916 |      0 |  12 | 1085.6 |
       Dungeon |  12918 |  12918 |      0 |   2916 |      0 |  10 | 1291.8 |
         Abyss |    108 |    108 |      0 |      0 |      0 |   2 |   54.0 |
               +--------+--------+--------+--------+--------+-----+--------+

Top non-repeatable levels by time:
     D:8: 1831 daAuts
     D:5: 1804 daAuts
     D:4: 1555 daAuts
     D:2: 1401 daAuts
     D:1: 1356 daAuts
     D:7: 1341 daAuts
     D:3: 1271 daAuts
     D:6: 1219 daAuts
     D:9: 816 daAuts
    D:10: 319 daAuts
 Abyss:2: 54 daAuts
 Abyss:3: 54 daAuts
